 Dungeon Crawl Stone Soup version 0.27-a0-463-gec7707c53d (webtiles) character file.

Game seed: 2114767696668138185

14 Sertorius the Covered (level 2, -1/21 HPs)
             Began as a Demonspawn Wanderer on Feb 28, 2021.
             Slain by a kobold (2 damage)
             ... on level 1 of the Dungeon.
             The game lasted 00:01:56 (811 turns).

Sertorius the Covered (Demonspawn Wanderer)          Turns: 811, Time: 00:01:57

Health: -1/21      AC:  2    Str: 13    XL:     2   Next: 31%
Magic:  3/3        EV: 11    Int: 11    God:
Gold:   40         SH:  0    Dex: 13    Spells: 3/3 levels left

rFire    . . .     SeeInvis .   a - +0 club
rCold    . . .     Faith    .   (no shield)
rNeg     . . .     Spirit   .   d - +0 robe
rPois    .         Reflect  .   (no helmet)
rElec    .         Harm     .   (no cloak)
rCorr    .         Rampage  .   (no gloves)
Will     .....                  (no boots)
Stlth    +.........             (no amulet)
HPRegen  0.07/turn              (no ring)
MPRegen  0.16/turn              (no ring)

@: no status effects
A: magic regeneration
a: no special abilities


You were on level 1 of the Dungeon.
You visited 1 branch of the dungeon, and saw 1 of its levels.

You collected 40 gold pieces.

Inventory:

Hand Weapons
 a - a +0 club (weapon)
 b - a +0 hunting sling
   (You found it on level 1 of the Dungeon)
Missiles
 e - 27 stones
Armour
 d - a +0 robe (worn)
Scrolls
 g - a scroll of fog {unknown}
 h - a scroll of blinking {unknown}
 i - a scroll of teleportation {unknown}
Potions
 c - a potion of lignification
 f - a potion of attraction {unknown}


   Skills:
 + Level 1.5 Fighting
 + Level 2.1 Armour
 + Level 1.4 Shields
 - Level 1.0 Spellcasting
 - Level 2.0 Conjurations
 - Level 2.0 Poison Magic
 - Level 1.0 Evocations


You had 3 spell levels left.
You didn't know any spells.
Your spell library contained the following spells:

 Spells                   Type           Power        Failure   Level
 Magic Dart               Conj           16%          14%         1
 Apportation              Tloc           0%           32%         1
 Blink                    Tloc           N/A          43%         2
 Call Imp                 Summ           0%           43%         2
 Slow                     Hex            0%           43%         2
 Mephitic Cloud           Conj/Pois/Air  3%           50%         3
 Conjure Flame            Conj/Fire      2%           54%         3
 Teleport Other           Tloc           0%           67%         3


Dungeon Overview and Level Annotations

Branches:
Dungeon (1/15)

Altars:


Innate Abilities, Weirdness & Mutations

You regenerate magic rapidly.


Message History

a - a +0 club (weapon)
b - a +0 hunting sling (weapon)
e - 18 stones (gained 1)
You see here a frilled lizard corpse.
f - an inky potion
e - 19 stones (gained 1)
You see here a goblin corpse.
e - 20 stones (gained 1)
e - 21 stones (gained 1)
A kobold comes into view.
You shoot a stone. The stone hits the kobold.
You kill the kobold!
You have reached level 2!
Your demonic ancestry asserts itself...
Your magic begins to regenerate rapidly.
A hobgoblin comes into view. It is wielding a +0 club.
You shoot a stone.
The stone hits the hobgoblin but does no damage.
You shoot a stone. The stone barely misses the hobgoblin.
a - a +0 club (weapon)
You closely miss the hobgoblin.
The hobgoblin hits you but does no damage.
You hit the hobgoblin.
The hobgoblin is moderately wounded.
The hobgoblin closely misses you.
You closely miss the hobgoblin.
The hobgoblin is moderately wounded.
The hobgoblin hits you with a +0 club! The hobgoblin hits you with a +0 club.
You barely miss the hobgoblin.
The hobgoblin is moderately wounded.
The hobgoblin completely misses you.
You hit the hobgoblin.
The hobgoblin is moderately wounded.
The hobgoblin barely misses you.
You hit the hobgoblin but do no damage.
The hobgoblin is moderately wounded.
The hobgoblin misses you.
You hit the hobgoblin but do no damage.
The hobgoblin is moderately wounded.
The hobgoblin closely misses you.
You hit the hobgoblin.
The hobgoblin is almost dead.
The hobgoblin hits you with a +0 club. The hobgoblin closely misses you.
You are too injured to fight recklessly!
You are too injured to fight recklessly!
You are too injured to fight recklessly!
You are too injured to fight recklessly!
You hit the hobgoblin but do no damage.
The hobgoblin is almost dead.
The hobgoblin hits you with a +0 club.
* * * LOW HITPOINT WARNING * * *
You hit the hobgoblin but do no damage.
The hobgoblin is almost dead.
The hobgoblin barely misses you.
Unknown command.
You barely miss the hobgoblin.
The hobgoblin is almost dead.
The hobgoblin hits you but does no damage.
Unknown command.
You closely miss the hobgoblin.
The hobgoblin is almost dead.
The hobgoblin hits you with a +0 club.
* * * LOW HITPOINT WARNING * * *
You closely miss the hobgoblin.
The hobgoblin is almost dead.
The hobgoblin closely misses you.
Unknown command.
You hit the hobgoblin.
You kill the hobgoblin!
Unknown command.
Things that are here:
a +0 club; a hobgoblin corpse Unknown command.
You start resting.
HP restored.
b - a +0 hunting sling (weapon)
e - 22 stones (gained 4)
You see here a kobold skeleton.
e - 23 stones (gained 1)
e - 24 stones (gained 1)
A goblin comes into view. It is wielding a +0 dagger.
The goblin shouts!
A goblin comes into view. It is wielding a +0 club.
You shoot a stone. The stone misses the goblin.
The goblin shouts!
You shoot a stone. The stone barely misses the goblin.
You shoot a stone. The stone misses the goblin.
You shoot a stone. The stone barely misses the goblin.
You shoot a stone. The stone hits the goblin.
The goblin is severely wounded.
a - a +0 club (weapon)
The goblin hits you with a +0 dagger.
You closely miss the goblin.
The goblin is heavily wounded.
The goblin hits you but does no damage.
You hit the goblin.
You kill the goblin!
You closely miss the goblin. The goblin barely misses you.
You closely miss the goblin. The goblin hits you with a +0 club.
You barely miss the goblin. The goblin hits you but does no damage.
You hit the goblin.
The goblin is severely wounded.
The goblin hits you with a +0 club. x2
You hit the goblin.
You kill the goblin!
No target in view!
You start resting.
HP restored.
b - a +0 hunting sling (weapon)
Things that are here:
a +0 club; a +0 dagger; a goblin corpse
e - 20 stones (gained 1)
e - 21 stones (gained 1)
Found a leather armour.
e - 22 stones (gained 1)
g - a scroll labelled FEOPIA TYDWO
h - a scroll labelled YSEIQULUZO
Found a robe.
A kobold comes into view.
You shoot a stone. The stone hits the kobold.
You kill the kobold!
No target in view!
You now have 40 gold pieces (gained 12).
i - a scroll labelled IFAPUO REFAUCA
e - 27 stones (gained 6)
You see here a kobold corpse.
A bat, a goblin and a hobgoblin come into view.
The goblin shouts!
The hobgoblin shouts!
You hear a shout!
A kobold comes into view.
The bat moves out of view.
Found 12 stones and a fuming ruby potion.
a - a +0 club (weapon)
The kobold shouts!
The goblin hits you but does no damage.
A kobold comes into view. It is wielding a +0 dagger.
You closely miss the goblin. The goblin hits you but does no damage.
You hit the goblin but do no damage. The goblin hits you but does no damage.
You hit the goblin.
You kill the goblin!
The kobold hits you but does no damage.
Okay, then.
You barely miss the kobold. The kobold hits you. The bat hits you.
The bat closely misses you. The bat hits you but does no damage.
The bat closely misses you. The bat hits you but does no damage.
The bat barely misses you. The bat closely misses you. The bat hits you.
The bat barely misses you. The bat hits you but does no damage.
The bat barely misses you. The bat hits you but does no damage.
The bat hits you. The bat barely misses you. x2
The bat hits you but does no damage. The bat hits you.
The bat hits you but does no damage. The bat hits you but does no damage.
The bat hits you but does no damage. x2
The bat closely misses you. The bat barely misses you.
You closely miss the bat. The bat closely misses you.
The bat barely misses you. The bat hits you but does no damage.
The kobold barely misses you. The bat hits you.
You closely miss the bat. The bat hits you. The kobold closely misses you. x2
You hit the bat.
The bat is severely wounded.
The bat barely misses you. The bat hits you but does no damage.
The hobgoblin barely misses you. The kobold hits you.
The bat hits you but does no damage.
You closely miss the bat.
The bat is heavily wounded.
The bat hits you but does no damage. x2; The hobgoblin completely misses you.
The kobold hits you.
The hobgoblin hits you but does no damage.
The bat barely misses you.
You miss the bat.
The bat is heavily wounded.
The bat hits you but does no damage. x2; The kobold misses you.
The bat closely misses you. The hobgoblin barely misses you.
The kobold hits you.
You closely miss the bat.
The bat is heavily wounded.
The bat hits you. The bat barely misses you. The hobgoblin barely misses you.
The kobold hits you.
* * * LOW HITPOINT WARNING * * *
A rat comes into view.
You barely miss the bat.
The bat is heavily wounded.
The bat closely misses you. The kobold barely misses you.
The hobgoblin hits you with a +0 club.
* * * LOW HITPOINT WARNING * * *
The bat hits you but does no damage.
Unknown command.
The bat hits you.
* * * LOW HITPOINT WARNING * * *
Unknown command.
The bat closely misses you. The kobold hits you.
You die...

#.##..####.#.# #. ##....#
#K#.######[ ...#..#
#g#........ ####+#.# #..#
#.#........ #......#
#..####.#........
#......#.#K......#........
#........#g#######........
#.....####K# #........
#.......b@.# #........
#.....###### ##..#####.
#.....# ###.........
#.....# ##........#..
#.....# ###.....#...#..
#.....# #....#...#..#..
#.....# #.....#..#..#..
#.....######......#..#.#.#
#..†...........#...#.#.#.#


You could see a hobgoblin, a bat and 2 kobolds.

Vanquished Creatures
  3 bats (D:1)
  4 goblins (D:1)
  A hobgoblin (D:1)
  A frilled lizard (D:1)
  2 kobolds (D:1)
  2 rats (D:1)
13 creatures vanquished.

Notes
Turn   | Place    | Note
-------+----------+-------------------------------------------
     0 | D:1      | Sertorius the Demonspawn Wanderer began the quest for the
                  | Orb.
     0 | D:1      | Sertorius set off with the following items: a +0 club, a
                  | potion of lignification, a +0 robe; and the following
                  | spells available to memorise: Magic Dart, Apportation,
                  | Blink, Call Imp, Slow, Mephitic Cloud, Conjure Flame,
                  | Teleport Other
     0 | D:1      | Reached XP level 1. HP: 15/15 MP: 2/2
   254 | D:1      | Gained mutation: You regenerate magic rapidly. [demonic
                  | ancestry]
   254 | D:1      | Reached XP level 2. HP: 21/21 MP: 3/3
   810 | D:1      | HP: 1/21 [bat (1)]
   811 | D:1      | Slain by a kobold

Illustrated notes

Levels and vault maps discovered:
D:1:      minmay_arrival_radiant_lines, layout_basic, minmay_heptomino_w4

Skill      XL: |  1 |
---------------+----+-----
Armour         | 2 |  2.1
Fighting       | |  1.5
Shields        | |  1.4
Spellcasting   | |  1.0
Conjurations   | |  2.0
Poison Magic   | |  2.0
Evocations     | |  1.0

Action                   || total
-------------------------++-------
Melee: Club              ||    59
 Fire: Hunting sling     ||    13
Armor: Robe              ||    42
Dodge: Dodged            ||    69

Table legend: (Time is in decaauts)
 A = Elapsed time spent in this place.
 B = Non-inter-level travel time spent in this place.
 C = Inter-level travel time spent in this place.
 D = Time resting spent in this place.
 E = Time spent auto-exploring this place.
 F = Levels seen in this place.
 G = Mean time per level.
                   A        B        C        D        E       F      G
               +--------+--------+--------+--------+--------+-----+--------+
         Total |    826 |    792 |     34 |    468 |    139 |   1 |  826.0 |
       Dungeon |    826 |    792 |     34 |    468 |    139 |   1 |  826.0 |
               +--------+--------+--------+--------+--------+-----+--------+

Top non-repeatable levels by time:
     D:1: 826 daAuts
